 Dungeon Crawl Stone Soup version 0.21-a0-94-gdd6ab6a (webtiles) character file.

401 HAL9000 the Vexing (level 6, -3/28 HPs)
             Began as a Vine Stalker Enchanter on July 3, 2017.
             Slain by Prince Ribbit (10 damage)
             ... on level 4 of the Dungeon.
             The game lasted 00:06:38 (3250 turns).

HAL9000 the Vexing (Vine Stalker Enchanter)         Turns: 3250, Time: 00:06:39

Health: -3/28      AC:  2    Str: 12    XL:     6   Next: 85%
Magic:  0/19       EV: 17    Int: 15    God:
Gold:   160        SH:  0    Dex: 20    Spells: 3/9 levels left

rFire    . . .     SeeInvis .   t - +0 rapier
rCold    . . .     Gourm    .   (no shield)
rNeg     . . .     Faith    .   b - +0 robe
rPois    .         Spirit   +   (no helmet)
rElec    .         Reflect  .   (no cloak)
rCorr    .         Harm     .   (no gloves)
MR       .....                  (no boots)
Stlth    +++++.....             (no amulet)
HPRegen  0.49/turn              n - ring of stealth
MPRegen  0.16/turn              u - ring of magical power

@: agile
A: fangs 2, regeneration 1, magic shield, antimagic bite, no potion heal 3, rot
immunity
a: no special abilities


You were on level 4 of the Dungeon.
You were hungry.

You visited 1 branch of the dungeon, and saw 5 of its levels.

You collected 160 gold pieces.

Inventory:

Hand Weapons
 a - a +1 dagger
 t - a +0 rapier (weapon)
Missiles
 h - 8 javelins (quivered)
Armour
 b - a +0 robe (worn)
Jewellery
 n - a ring of stealth (left hand)
 u - a ring of magical power (right hand)
Wands
 x - a wand of digging (19/24)
 z - a wand of confusion (28/48)
Scrolls
 e - 5 scrolls of identify
 f - 2 scrolls of fog {unknown}
 i - 2 scrolls of remove curse {unknown}
 k - 2 scrolls of enchant armour {unknown}
 w - a scroll of amnesia {unknown}
 y - a scroll of blinking {unknown}
Potions
 j - a potion of haste {unknown}
 l - 2 potions of heal wounds
 o - a potion of lignification {unknown}
 r - a potion of degeneration {unknown}
 s - a potion of brilliance {unknown}
 v - a potion of invisibility {unknown}
Books
 c - a book of Maledictions

   Spells                             Type                      Level
   a - Corona                         Hexes                        1
   b - Ensorcelled Hibernation        Hexes/Ice                    2
   c - Confuse                        Hexes                        3
   d - Tukima's Dance                 Hexes                        3
   e - Dazzling Spray                 Conjuration/Hexes            3
Comestibles
 d - 2 bread rations
 p - 3 meat rations
 q - a royal jelly


   Skills:
 + Level 4.2 Short Blades
 - Level 1.5 Dodging
 - Level 3.6 Stealth
 - Level 2.1 Spellcasting
 + Level 5.7 Hexes


You had 3 spell levels left.
You knew the following spells:

 Your Spells              Type           Power        Failure   Level  Hunger
a - Corona                Hex            ###....      1%          1    #......
x - Confuse               Hex            ###.....     6%          3    ###....
z - Ensorcelled Hibernat  Hex/Ice        ##....       10%         2    ###....


Dungeon Overview and Level Annotations

Branches:
Dungeon (5/15)
 Temple: D:4-7

Altars:
Fedhas
Hepliaklqana
Kikubaaqudgha
Wu Jian

Annotations:
D:4 Prince Ribbit


Innate Abilities, Weirdness & Mutations

You have extremely sharp teeth.
Your natural rate of healing is unusually fast.
When hurt, damage is shared between your health and your magic reserves.
Your bite disrupts and absorbs the magic of your enemies.
Potions cannot restore your health.
You are immune to rotting.


Message History

You hit Prince Ribbit.
Prince Ribbit is heavily wounded.
Prince Ribbit hits you!
* * * LOW HITPOINT WARNING * * *
You hit Prince Ribbit.
You bite Prince Ribbit, but do no damage.
Prince Ribbit is severely wounded.
Prince Ribbit barely misses you.
Prince Ribbit hits you but does no damage.
You hit Prince Ribbit. Your bite misses Prince Ribbit.
Prince Ribbit is severely wounded.
Prince Ribbit closely misses you.
You hit Prince Ribbit.
Prince Ribbit is almost dead.
Prince Ribbit mumbles some strange words.
Prince Ribbit looks slightly unstable.
You barely miss Prince Ribbit.
Prince Ribbit is almost dead.
Prince Ribbit hits you!
You die...

........##.......#####.........#
..^.....##.##....#####.........#
...#######.#...................#
##.# ####..#...................#
...###....##...................##
#.......####..........####.......
##...##...(...........####.......
##.#..######............##.......
...##..# #####@######.##.......
.#####.# ####F# #..#....... .#
#.######....# ##.#....... ##
#.....>F.#### #.#......)
.########....## #.#.......
..........#..# #.........
..##########.## ##.......## .##
#..#########....###.# .#
##..#..........## #.##


You could see Prince Ribbit.

Vanquished Creatures
  Sigmund (D:4)
  A bullfrog skeleton (D:4)
  2 hounds (D:4)
  2 worker ants (D:4)
  A hound skeleton (D:3)
  2 adders
  An ooze (D:2)
  A worm (D:2)
  A dart slug (D:1)
  2 leopard geckos
  6 orcs
  7 bats
  4 giant cockroaches
  5 goblins
  6 hobgoblins
  4 jackals (D:3)
  8 kobolds
  A quokka (D:3)
  8 frilled lizards
  6 rats
69 creatures vanquished.

Notes
Turn   | Place    | Note
-------+----------+-------------------------------------------
     0 | D:1      | HAL9000 the Vine Stalker Enchanter began the quest for the Orb.
     0 | D:1      | Reached XP level 1. HP: 9/9 MP: 4/4
    43 | D:1      | Reached skill level 1 in Short Blades
   423 | D:1      | Reached XP level 2. HP: 13/13 MP: 6/6
  1220 | D:2      | Reached XP level 3. HP: 11/16 MP: 7/7
  1329 | D:2      | Learned a level 2 spell: Ensorcelled Hibernation
  1526 | D:2      | Learned a level 3 spell: Confuse
  1584 | D:2      | Found an ornate altar of the Wu Jian Council.
  1584 | D:2      | Found a hazy altar of Hepliaklqana.
  2011 | D:3      | Reached skill level 4 in Hexes
  2011 | D:3      | Gained mutation: Your natural rate of healing is unusually fast. [Vine Stalker growth]
  2011 | D:3      | Reached XP level 4. HP: 16/21 MP: 8/8
  2248 | D:3      | Found an ancient bone altar of Kikubaaqudgha.
  2539 | D:4      | Reached XP level 5. HP: 22/24 MP: 9/9
  2613 | D:4      | Found a blossoming altar of Fedhas.
  2820 | D:4      | Noticed Sigmund
  2835 | D:4      | Killed Sigmund
  2835 | D:4      | Reached skill level 5 in Hexes
  2835 | D:4      | Reached XP level 6. HP: 13/28 MP: 10/10
  3231 | D:5      | Entered Level 5 of the Dungeon
  3231 | D:5      | Noticed Prince Ribbit
  3250 | D:4      | Slain by Prince Ribbit

Vault maps used:
D:1:      erik_arrival_blinker_ship
D:2:      gammafunk_temple_overflow_elements
D:3:      lemuel_crystal_altar
D:4:      nicolae_overflow_crystal_walls, first_bread, uniq_sigmund
D:5:      makhleb_heckhound_becter, serial_shops, shop, shop, shop, shop,
          roderic_batcave, uniq_menkaure, uniq_blork_the_orc,
          uniq_prince_ribbit1, uniq_edmund, uniq_crazy_yiuf_cottage

Skill      XL: |  1  2  3  4  5 |
---------------+----------------+-----
Short Blades   | 1 2 3 4 |  4.2
Hexes          | 4 5 |  5.7
Dodging        | |  1.5
Stealth        | |  3.6
Spellcasting   | |  2.1

Action                   |  1- 3 |  4- 6 || total
-------------------------+-------+-------++-------
Melee: Dagger            |    63 |       ||    63
       Bite              |    23 |    23 ||    46
       Rapier            |    43 |   118 ||   161
Throw: Javelin           |       |     6 ||     6
 Cast: Ensorcelled Hiber |     1 |       ||     1
  Use: Potion            |       |     3 ||     3
       Scroll            |       |     1 ||     1
 Stab: Sleeping          |     9 |    10 ||    19
  Eat: Chunk             |     3 |     4 ||     7
Armor: Robe              |    21 |    14 ||    35
Dodge: Dodged            |    53 |    80 ||   133
